 Dungeon Crawl Stone Soup version 0.18-b1-2-gd0c887e (webtiles) character file.

190919 MuMo the Brawler (level 17, -39/170 HPs)
             Began as a Troll Monk on Apr 28, 2016.
             Was the Champion of Okawaru.
             Annihilated by Wiglaf
             ... wielding a +0 broad axe
              (43 damage)
             ... on level 1 of the Vaults.
             The game lasted 01:06:41 (32320 turns).

MuMo the Brawler (Troll Monk)                      Turns: 32320, Time: 01:06:42

Health: -39/170    AC: 34    Str: 29    XL:     17   Next: 56%
Magic:  22/22      EV: 10    Int: 10    God:    Okawaru [******]
Gold:   677        SH: 18    Dex: 14    Spells: 1 memorised, 10 levels left

rFire  + . .     SeeInvis +       - Unarmed
rCold  + . .     Gourm    +     r - +3 gold dragon armour
rNeg   + . .     Faith    .     F - +0 shield
rPois  +         Spirit   .     z - +1 hat {SInv}
rElec  .         Dismiss  .     f - +2 cloak
rCorr  .         Reflect  +     (gloves unavailable)
SustAt .         Harm     .     (boots unavailable)
MR     +....                    e - amulet of Ujivyph {Reflect rN+ Dex+2 Slay+3 SH+3 Stlth+}
Stlth  ..........               (no ring)
                                t - +5 ring of protection

@: mighty, heroism, somewhat resistant to hostile enchantments, extremely
unstealthy
A: unfitting armour, claws 3, fast metabolism 3, gourmand, regeneration 3,
shaggy fur 1, tough skin 2
a: Heroism, Finesse, Renounce Religion
}: 1/15 runes: decaying


You were on level 1 of the Vaults.
You worshipped Okawaru.
Okawaru was exalted by your worship.
You were not hungry.

You visited 7 branches of the dungeon, and saw 32 of its levels.

You collected 3090 gold pieces.
You spent 2413 gold pieces at shops.

Inventory:

Hand Weapons
 A - a +9 eveningstar
 U - the +10 lance "Wyrmbane" {slay drac, +Rage rPois rF+ AC+5}
   (Okawaru gifted it to you on level 11 of the Dungeon)

   It affects your AC (+5).
   It protects you from fire.
   It protects you from poison.
   It lets you go berserk.
Armour
 f - a +2 cloak (worn)
 g - the +4 storm dragon armour of the Okapi {rElec rF- rN+ rCorr Str+7}
   (You acquired it on level 2 of the Lair of Beasts)

   It affects your strength (+7).
   It makes you vulnerable to fire.
   It insulates you from electricity.
   It protects you from negative energy.
   It protects you from acid and corrosion.
 l - the +0 large shield of the Mackerel {Str+2}
   (Okawaru gifted it to you on level 10 of the Dungeon)

   It affects your strength (+2).
 r - a +3 gold dragon armour (worn)
 v - a +0 large shield of positive energy
 z - a +1 hat of see invisible (worn)
 F - a +0 shield (worn)
 O - the +2 robe "Fiania Lemuo" {*Drain rElec Dex+3}
   (Okawaru gifted it to you on level 12 of the Dungeon)

   It affects your dexterity (+3).
   It insulates you from electricity.
   It causes draining when unequipped.
Jewellery
 e - the amulet of Ujivyph (around neck) {Reflect rN+ Dex+2 Slay+3 SH+3 Stlth+}
   (You bought it in a shop on level 5 of the Dungeon)

   [amulet of reflection]

   It shields you and reflects attacks.
   It affects your dexterity (+2).
   It affects your accuracy and damage with ranged weapons and melee attacks
   (+3).
   It protects you from negative energy.
   It affects your SH (+3).
   It makes you more stealthy.
 o - an uncursed ring of protection from cold
 t - a +5 ring of protection (left claw)
 B - an uncursed ring of resist corrosion
 V - an uncursed ring of sustain attributes
 W - an uncursed ring of flight
Wands
 c - a wand of lightning (4/15)
 j - a wand of teleportation (8/9)
 T - a wand of digging (10/24)
Scrolls
 a - 3 scrolls of immolation
 d - 7 scrolls of teleportation
 h - 17 scrolls of remove curse
 i - 6 scrolls of noise
 k - 9 scrolls of amnesia
 m - a scroll of blinking
 s - 3 scrolls of identify
 x - 4 scrolls of fog
 y - 6 scrolls of magic mapping
 X - 4 scrolls of fear
Potions
 w - 7 potions of mutation
 G - 3 potions of cure mutation
 I - 5 potions of flight
 J - 3 potions of cancellation
 P - 2 potions of haste
 Q - a potion of resistance
 S - 5 potions of magic
 Z - a potion of brilliance
Books
 E - a book of Geomancy

   Spells                             Type                      Level
   a - Sandblast                      Earth                        1
   b - Passwall                       Transmutation/Earth          2
   c - Stone Arrow                    Conjuration/Earth            3
   d - Petrify                        Transmutation/Earth          4
   e - Lee's Rapid Deconstruction     Earth                        5
Miscellaneous
 u - a phantom mirror
 C - a legendary deck of war {drawn: 5}
 N - a disc of storms
 Y - a fan of gales
Comestibles
 b - 17 bread rations
 K - 37 fruits


   Skills:
 + Level 11.0(16.0) Fighting
 + Level 8.1(13.1) Armour
 + Level 9.9(14.9) Dodging
 - Level 1.1(6.1) Stealth
 + Level 12.3(17.3) Shields
 * Level 18.6(23.6) Unarmed Combat
 * Level 2.9 Transmutations
 * Level 3.8 Earth Magic
 - Level 8.0 Invocations


You had 10 spell levels left.
You knew the following spells:

 Your Spells              Type           Power        Failure   Level  Hunger
a - Statue Form           Trmt/Erth      #........    100%        6    #######


Dungeon Overview and Level Annotations

Branches:
Dungeon (15/15)            Temple (1/1) D:7            Lair (8/8) D:9
  Swamp (4/4) Lair:6       Spider (1/4) Lair:3        Slime (0/6) Lair:7
    Orc (2/2) D:10            Elf (0/3) Orc:2        Vaults (1/5) D:13
 Depths (0/5) D:15

Altars:
Ashenzari
Cheibriados
Dithmenos
Elyvilon
Fedhas
Gozag
Kikubaaqudgha
Makhleb
Nemelex Xobeh
Okawaru
Pakellas
Qazlal
Ru
Sif Muna
Trog
Vehumet
Xom
Yredelemnul
Zin
The Shining One
Lugonu

Shops:
D:5 ?[![=   D:6 [   D:7 ?   D:13 ?   Orc:2 =}:[   Vaults:1 =

Annotations:
Vaults:1 Wiglaf


Innate Abilities, Weirdness & Mutations

You are too large for most types of armour.
You have claws for hands.
Your metabolism is lightning-fast.
You like to eat raw meat.
You regenerate.
You are covered in fur (AC +1).
You have very tough skin (AC +2).


Message History

The ancient champion is moderately damaged.
You block Wiglaf's attack.
Unknown command.
You barely miss the ancient champion.
The ancient champion is moderately damaged.
The ancient champion gestures at you while chanting.
The iron shot hits you!
* * * LOW HITPOINT WARNING * * *
Unknown command.
You are too injured to fight recklessly!
Unknown command.
You are too injured to fight recklessly!
Unknown command.
You are too injured to fight recklessly!
Drink which item? (? for menu, Esc to quit)
You feel better. Wiglaf hits you with a broad axe!
* * * LOW HITPOINT WARNING * * *
You block the ancient champion's attack.
Wiglaf hits you with a broad axe!!!
You die...

########################
........................
........................
'###....##############.. #....#
#.. #...@# #.. #..zg#...... #..
#....'..###. #.. #....#..#^# #..
#....#..###. #.. #....#..... #..
#....# ..... #.. #....# ##### #..
#############....##############..


You could see Wiglaf and an ancient champion.

Vanquished Creatures
  Agnes (D:14)
  Kirke (D:14)
  Frances (Vaults:1)
  2 thorn hunters (Swamp:3)
  Maud (Orc:1)
  Louise (Vaults:1)
  A ghost moth (Spider:1)
  2 ironheart preservers (Vaults:1)
  3 spriggan defenders (Vaults:1)
  Azrael (D:14)
  2 fire dragons
  Josephine (Orc:1)
  2 yaktaur captains (Vaults:1)
  4 ogre magi
  An entropy weaver (Spider:1)
  A rakshasa (Vaults:1)
  20 hydras
  2 ghost crabs
  An ice dragon (D:15)
  4 centaur warriors
  A catoblepas (D:13)
  The ghost of dobroeutro the Cleaver, a novice MiFi of Okawaru (D:9)
  6 alligators
  9 death yaks
  A hell knight (Vaults:1)
  3 spriggan berserkers (Swamp:4)
  3 orc high priests
  Sonja (Lair:4)
  A fire crab (shapeshifter) (D:13)
  An iron troll (D:13)
  An unseen horror (D:15)
  A flayed ghost (Vaults:1)
  3 swamp dragons (Swamp:4)
  2 shambling mangroves
  2 deep elf archers (Vaults:1)
  4 ironbrand convokers (Vaults:1)
  9 orc knights
  A lindwurm (D:13)
  15 wolf spiders (Spider:1)
  2 wizards
  9 ugly things
  6 orb spiders (Spider:1)
  9 hill giants
  An oklob plant (Lair:7)
  5 orc sorcerers
  A griffon (Lair:6)
  A hornet (Swamp:2)
  4 cyclopes
  4 deep elf magi
  Maurice (Orc:1)
  Psyche (D:12)
  5 elephants (Lair:8)
  2 centaur zombies
  4 black mambas
  A centaur skeleton (D:10)
  2 gargoyles
  16 spiny frogs
  2 torpor snails
  3 demonic crawlers (Spider:1)
  A kobold demonologist (D:11)
  3 rime drakes
  10 komodo dragons
  A freezing wraith (Vaults:1)
  6 jumping spiders (Spider:1)
  3 giant leeches
  3 spriggan druids
  9 trolls
  11 polar bears
  11 two-headed ogres
  25 slime creatures
  9 bog bodies
  11 blink frogs
  The ghost of pragmatic the Skirmisher, an amateur GrBe of Trog (D:4)
  16 spriggans
  A shadow (Swamp:2)
  26 redbacks
  8 tarantellas
  5 hogs (D:14)
  6 wraiths
  A wyvern (D:14)
  2 basilisks
  62 yaks
  11 hippogriffs
  2 steam dragons (D:11)
  7 fire elementals
  32 vampire mosquitoes
  4 wargs
  3 hungry ghosts
  30 swamp worms
  2 mottled dragons
  9 water moccasins
  2 hell hounds (D:14)
  8 porcupines
  13 swamp drakes
  5 black bears
  An eye of draining (D:12)
  28 wolves
  29 ogres
  28 orc warriors
  5 ice beasts
  2 sky beasts
  16 wasps
  3 phantoms
  19 centaurs
  12 crocodiles
  3 big kobolds
  19 giant frogs
  A wyvern zombie (D:10)
  2 scorpions
  31 killer bees
  9 wights
  7 howler monkeys
  12 crimson imps
  A wasp zombie (D:12)
  A giant frog zombie (D:6)
  6 jellies
  A quasit (D:8)
  A giant frog skeleton (D:11)
  16 orc priests
  9 hounds
  An iron imp (D:5)
  17 orc wizards
  6 worker ants
  15 iguanas
  8 sheep
  A worker ant zombie (D:5)
  Robin (D:3)
  11 gnolls
  A howler monkey skeleton (D:4)
  12 adders
  81 river rats
  4 shadow imps
  2 adder zombies
  A worm (D:2)
  A dart slug (D:2)
  3 giant geckos
  69 orcs
  14 bats
  8 giant cockroaches
  22 goblins
  9 hobgoblins
  21 jackals
  3 quokkas
  2 giant newts
  A goblin skeleton (D:5)
  A goblin zombie (D:5)
  2 hobgoblin zombies (D:5)
  21 kobolds
  2 kobold zombies (D:5)
  A quokka zombie (D:8)
  5 rats
1163 creatures vanquished.

Vanquished Creatures (collateral kills)
  2 orcs (D:13)
  A briar patch (Swamp:3)
3 creatures vanquished.

Vanquished Creatures (others)
  A cyclops (Vaults:1)
  2 centaurs (Vaults:1)
  An orc wizard (Orc:2)
  An orc (Orc:2)
  A briar patch (Swamp:3)
  7 fungi
13 creatures vanquished.

Grand Total: 1179 creatures vanquished

Notes
Turn   | Place    | Note
--------------------------------------------------------------
     0 | D:1      | MuMo the Troll Monk began the quest for the Orb.
     0 | D:1      | Reached XP level 1. HP: 22/22 MP: 0/0
    88 | D:1      | Reached XP level 2. HP: 28/29 MP: 1/1
   562 | D:2      | Reached XP level 3. HP: 12/36 MP: 2/2
  1022 | D:2      | Reached skill level 5 in Unarmed Combat
  1144 | D:2      | Reached XP level 4. HP: 42/44 MP: 3/3
  1585 | D:3      | Found an iron altar of Okawaru.
  1636 | D:3      | Reached XP level 5. HP: 52/52 MP: 4/4
  1651 | D:3      | Became a worshipper of Warmaster Okawaru
  1651 | D:3      | Reached * piety under Okawaru
  1651 | D:3      | Reached ** piety under Okawaru
  1770 | D:3      | Noticed Robin
  1800 | D:3      | Killed Robin
  2388 | D:4      | Noticed a fire elemental
  2389 | D:4      | Found a stormy altar of Qazlal.
  2390 | D:4      | Noticed an air elemental
  2390 | D:4      | Noticed a water elemental
  2415 | D:4      | Reached skill level 1 in Invocations
  2508 | D:4      | Noticed an ogre
  2517 | D:4      | Killed an ogre
  2517 | D:4      | Reached XP level 6. HP: 44/61 MP: 4/6
  2991 | D:4      | Noticed pragmatic's ghost (amateur GrBe)
  3010 | D:4      | Killed pragmatic's ghost
  3010 | D:4      | Reached skill level 6 in Unarmed Combat
  3010 | D:4      | Reached XP level 7. HP: 20/67 MP: 7/7
  3306 | D:5      | Entered Level 5 of the Dungeon
  3311 | D:5      | Found Tonwymut's Magic Scroll Boutique.
  3312 | D:5      | Found Giulikhleq's Antique Armour Shoppe.
  3316 | D:5      | Found Teoforaiwk's Distillery.
  3332 | D:5      | Bought a potion of mutation for 32 gold pieces
  3332 | D:5      | Bought a potion of heal wounds for 65 gold pieces
  3340 | D:5      | Bought a scroll of magic mapping for 49 gold pieces
  3388 | D:5      | Found a glowing golden altar of the Shining One.
  3473 | D:5      | Found Ujuariur's Jewellery Emporium.
  3507 | D:5      | Found a sacrificial altar of Ru.
  3524 | D:5      | Found Qieg's Antique Armour Boutique.
  3851 | D:6      | Reached *** piety under Okawaru
  3851 | D:6      | Reached skill level 5 in Dodging
  3859 | D:6      | Reached skill level 7 in Unarmed Combat
  3875 | D:6      | Reached XP level 8. HP: 75/78 MP: 9/9
  3977 | D:6      | Found Leiptommo's Armour Emporium.
  4173 | D:6      | Found a bloodstained altar of Trog.
  4173 | D:6      | Found a blossoming altar of Fedhas.
  4285 | D:7      | HP: 3/78 [wight/spear (1)]
  4427 | D:7      | Found a staircase to the Ecumenical Temple.
  4518 | Temple   | Entered the Ecumenical Temple
  4581 | D:7      | Found a burning altar of Makhleb.
  4605 | D:7      | Found Jerew's Magic Scroll Boutique.
  4654 | D:7      | Found an opulent altar of Gozag.
  4837 | D:7      | Found a shimmering altar of Xom.
  4837 | D:7      | Found a white marble altar of Elyvilon.
  4839 | D:7      | Found a snail-covered altar of Cheibriados.
  4840 | D:7      | Found a sparkling altar of Nemelex Xobeh.
  5070 | D:7      | Reached skill level 8 in Unarmed Combat
  5254 | D:8      | Reached **** piety under Okawaru
  5266 | D:8      | Reached XP level 9. HP: 67/85 MP: 10/10
  5559 | D:8      | Reached skill level 9 in Unarmed Combat
  5616 | D:8      | Gained mutation: You regenerate. [mutagenic meat]
  5915 | D:9      | Reached skill level 5 in Fighting
  5917 | D:9      | Found an oddly glowing altar of Pakellas.
  6026 | D:9      | Noticed dobroeutro's ghost (novice MiFi)
  6077 | D:10     | Entered Level 10 of the Dungeon
  6323 | D:10     | Reached ***** piety under Okawaru
  6327 | D:10     | Noticed a centaur warrior
  6342 | D:10     | Killed a centaur warrior
  6342 | D:10     | Reached XP level 10. HP: 56/96 MP: 12/12
  6346 | D:10     | Reached skill level 10 in Unarmed Combat
  6610 | D:10     | Noticed a hill giant
  6621 | D:10     | Killed a hill giant
  6621 | D:10     | Reached skill level 5 in Invocations
  6687 | D:10     | Noticed a hill giant
  6694 | D:10     | Killed a hill giant
  6962 | D:10     | Received a gift from Okawaru
  6987 | D:10     | Noticed a hill giant
  7095 | D:10     | Killed a hill giant
  7184 | D:10     | Found a staircase to the Orcish Mines.
  7216 | D:10     | Got a crude large shield {god gift}
  7222 | D:10     | Identified the +0 large shield of the Mackerel {Str+2} (Okawaru gifted it to you on level 10 of the Dungeon)
  7397 | D:10     | Noticed a wizard
  7417 | D:10     | Killed a wizard
  7417 | D:10     | Reached skill level 1 in Shields
  7555 | Orc:1    | Entered Level 1 of the Orcish Mines
  7555 | Orc:1    | Noticed an orc sorcerer
  7560 | Orc:1    | Killed an orc sorcerer
  7568 | Orc:1    | Noticed Maud
  7690 | Orc:1    | Killed Maud
  7690 | Orc:1    | Reached skill level 11 in Unarmed Combat
  7690 | Orc:1    | Reached XP level 11. HP: 54/105 MP: 8/14
  7781 | Orc:1    | HP: 4/106 [orc warrior/scimitar of electrocution (19)]
  7899 | Orc:1    | Noticed Maurice
  7940 | Orc:1    | Noticed an orc knight
  7964 | Orc:1    | Killed an orc knight
  8113 | Orc:1    | Noticed Josephine
  8143 | Orc:1    | Killed Josephine
  8143 | Orc:1    | Received a gift from Okawaru
  8193 | Orc:1    | Killed Maurice
  8716 | Orc:2    | Entered Level 2 of the Orcish Mines
  8897 | Orc:2    | Noticed an orc sorcerer
  9010 | D:9      | Found a staircase to the Lair.
  9831 | D:11     | Reached skill level 12 in Unarmed Combat
 10395 | D:11     | Received a gift from Okawaru
 10395 | D:11     | Reached XP level 12. HP: 115/115 MP: 16/16
 10611 | D:11     | HP: 3/115 [centaur (9)]
 10619 | D:11     | Reached ****** piety under Okawaru
 11277 | D:12     | Reached skill level 5 in Shields
 11534 | D:12     | Noticed Psyche
 11551 | D:12     | Killed Psyche
 12856 | D:12     | Received a gift from Okawaru
 12898 | D:12     | Got an ancient robe {god gift}
 12909 | D:12     | Identified the +2 robe "Fiania Lemuo" {*Drain rElec Dex+3} (Okawaru gifted it to you on level 12 of the Dungeon)
 13245 | D:5      | Bought the amulet of Ujivyph {Reflect rN+ Dex+2 Slay+3 SH+3 Stlth+} for 837 gold pieces
 13336 | D:9      | Killed dobroeutro's ghost
 13378 | Lair:1   | Entered Level 1 of the Lair of Beasts
 13468 | Lair:1   | Identified a scroll of acquirement
 14001 | Lair:1   | Reached skill level 13 in Unarmed Combat
 14362 | Lair:2   | Reached XP level 13. HP: 118/124 MP: 17/17
 15144 | Lair:2   | Reached skill level 1 in Armour
 15315 | Lair:2   | Got a transparent storm dragon armour
 15326 | Lair:2   | Identified the +4 storm dragon armour of the Okapi {rElec rF- rN+ rCorr Str+7} (You acquired it on level 2 of the Lair of Beasts)
 15520 | Lair:3   | Found a hole to the Spider Nest.
 15770 | Lair:3   | Received a gift from Okawaru
 16122 | Lair:4   | Noticed Sonja
 16127 | Lair:4   | Killed Sonja
 17521 | Lair:6   | Received a gift from Okawaru
 17681 | Lair:6   | Found a staircase to the Swamp.
 17754 | Lair:6   | Reached skill level 14 in Unarmed Combat
 18427 | Lair:7   | Reached XP level 14. HP: 136/136 MP: 19/19
 18481 | Lair:7   | Found a staircase to the Slime Pits.
 18535 | Lair:7   | HP: 2/136 [20-headed hydra (11)]
 18536 | Lair:7   | Received a gift from Okawaru
 19516 | Orc:2    | Paralysed by an orc sorcerer for 5 turns
 19738 | Orc:2    | Paralysed by an orc sorcerer for 2 turns
 20145 | Orc:2    | Found a staircase to the Elven Halls.
 20394 | Orc:2    | Received a gift from Okawaru
 20402 | Orc:2    | Paralysed by an orc sorcerer for 6 turns
 20447 | Orc:2    | Found Veneer's Book Emporium.
 20447 | Orc:2    | Found Heurug's Antique Armour Shop.
 20457 | Orc:2    | Found Tyluafia's Jewellery Emporium.
 20457 | Orc:2    | Found Taen's Gadget Shop.
 20473 | Orc:2    | Bought a +5 ring of protection for 660 gold pieces
 20665 | D:12     | Reached skill level 15 in Unarmed Combat
 21113 | D:13     | Found a gate to the Vaults.
 21848 | D:13     | Found Wukeusou's Magic Scroll Emporium.
 21956 | D:14     | Noticed Azrael
 21973 | D:14     | Killed Azrael
 21973 | D:14     | Received a gift from Okawaru
 22158 | D:14     | Noticed Kirke
 22170 | D:14     | Killed Kirke
 22170 | D:14     | Reached skill level 5 in Armour
 22271 | D:14     | Noticed Agnes
 22305 | D:14     | Killed Agnes
 22305 | D:14     | Reached XP level 15. HP: 63/146 MP: 20/20
 22625 | D:15     | Entered Level 15 of the Dungeon
 22650 | D:15     | Got a distressingly furry mottled dragon armour
 22661 | D:15     | Identified the +0 mottled dragon armour of Fekh {+Blink rN+ Dex-3 Slay+4} (You acquired it on level 15 of the Dungeon)
 22863 | D:15     | Reached skill level 16 in Unarmed Combat
 22865 | D:15     | Found a staircase to the Depths.
 23354 | D:15     | Found an oddly glowing altar of Pakellas.
 23395 | D:15     | Reached skill level 10 in Shields
 23424 | D:15     | Received a gift from Okawaru
 23754 | Lair:8   | Entered Level 8 of the Lair of Beasts
 24716 | Lair:8   | Received a gift from Okawaru
 24987 | Spider:1 | Entered Level 1 of the Spider Nest
 25489 | Spider:1 | Noticed a ghost moth
 25497 | Spider:1 | Killed a ghost moth
 25513 | Spider:1 | Reached skill level 10 in Fighting
 25555 | Spider:1 | Reached skill level 17 in Unarmed Combat
 25751 | Spider:1 | Reached XP level 16. HP: 158/158 MP: 21/21
 26317 | Swamp:1  | Entered Level 1 of the Swamp
 26615 | Swamp:1  | Received a gift from Okawaru
 26618 | Swamp:1  | Got a faintly glowing morningstar {god gift}
 26619 | Swamp:1  | Identified the +6 morningstar of Spontaneous Combustion {freeze, rElec rPois rF+++ Str-5} (Okawaru gifted it to you on level 1 of the Swamp)
 27592 | Swamp:2  | Received a gift from Okawaru
 27800 | Swamp:3  | Identified a +0 rod of inaccuracy (13/13) (You found it on level 2 of the Swamp)
 27885 | Swamp:3  | Noticed a thorn hunter
 27887 | Swamp:3  | Noticed a thorn hunter
 27909 | Swamp:3  | Killed a thorn hunter
 27916 | Swamp:3  | Killed a thorn hunter
 29044 | Orc:2    | Bought a book of Transfigurations for 770 gold pieces
 29051 | Orc:2    | Learned a level 6 spell: Statue Form
 29344 | Swamp:4  | Entered Level 4 of the Swamp
 29407 | Swamp:4  | Reached skill level 1 in Earth Magic
 29688 | Swamp:4  | Reached skill level 18 in Unarmed Combat
 29758 | Swamp:4  | Reached skill level 1 in Transmutations
 30038 | Swamp:4  | Reached XP level 17. HP: 167/167 MP: 22/22
 30153 | Swamp:4  | Received a gift from Okawaru
 30418 | Swamp:4  | Got a decaying rune of Zot
 30974 | Vaults:1 | Entered Level 1 of the Vaults
 31165 | Vaults:1 | Found Moumasef's Jewellery Emporium.
 31608 | Vaults:1 | Noticed Frances
 31631 | Vaults:1 | Killed Frances
 32289 | Vaults:1 | Noticed Wiglaf
 32290 | Vaults:1 | Noticed Louise
 32312 | Vaults:1 | Killed Louise
 32319 | Vaults:1 | HP: 6/170 [ancient champion/iron shot (48)]
 32320 | Vaults:1 | Annihilated by Wiglaf

Skill      XL: |  1  2  3  4  5  6  7  8  9 10 11 12 13 14 15 16 17 |
---------------+----------------------------------------------------+-----
Dodging        | 3 4 5 6 7 8 9 |  9.9
Unarmed Combat | 5 6 7 8 9 11 12 13 14 15 17 18 | 18.6
Fighting       | 3 4 5 6 7 8 9 10 11 | 11.0
Invocations    | 1 2 3 4 6 7 8 |  8.0
Shields        | 1 4 6 9 10 11 12 | 12.3
Armour         | 2 5 6 7 8 |  8.1
Earth Magic    | 2 3 |  3.8
Transmutations | 1 2 |  2.9
Stealth        | |  1.1

Action                   |  1- 3 |  4- 6 |  7- 9 | 10-12 | 13-15 | 16-18 || total
-------------------------+-------+-------+-------+-------+-------+-------++-------
Melee: Unarmed           |   153 |   177 |   323 |   826 |  1832 |  1052 ||  4363
       Punch             |     1 |     3 |     8 |     4 |       |       ||    16
       Lance             |       |       |       |       |    19 |       ||    19
Invok: Heroism           |       |       |       |     6 |     8 |     7 ||    21
       Finesse           |       |       |       |     1 |       |       ||     1
Evoke: Wand              |       |       |       |     3 |     2 |     2 ||     7
       Deck              |       |       |       |       |       |     5 ||     5
  Use: Scroll            |       |     5 |     2 |    20 |    16 |    12 ||    55
       Potion            |       |     2 |     3 |    15 |     9 |     8 ||    37
 Stab: Sleeping          |     1 |     2 |     6 |     3 |       |       ||    12
       Petrifying        |       |       |       |       |     1 |       ||     1
       Petrified         |       |       |       |       |     1 |       ||     1
       Invisible         |       |       |       |       |     4 |       ||     4
  Eat: Bread ration      |     1 |       |       |     1 |       |     1 ||     3
       Chunk             |     9 |    16 |    34 |    39 |    83 |    27 ||   208
       Beef jerky        |       |       |     2 |     2 |     3 |       ||     7
       Royal jelly       |       |       |     1 |     1 |     1 |       ||     3
       Pizza             |       |       |     2 |     1 |     1 |       ||     4
       Meat ration       |       |       |       |     4 |     3 |     6 ||    13
       Fruit             |       |       |       |       |     3 |     2 ||     5
Armor: Robe              |    94 |    68 |       |     9 |       |       ||   171
       Animal skin       |       |    46 |   134 |   159 |       |       ||   339
       Skin              |       |       |     9 |     9 |       |       ||    18
       Gold dragon armou |       |       |       |    18 |  1223 |   778 ||  2019
       Storm dragon armo |       |       |       |       |    28 |       ||    28
Dodge: Dodged            |   111 |   128 |   194 |   267 |   389 |   310 ||  1399
Block: Large shield      |       |       |       |   592 |   395 |       ||   987
       Shield            |       |       |       |       |  1231 |   813 ||  2044
       Reflection        |       |       |       |       |    27 |    18 ||    45
